AoeStats
← 散步黑鵝

Arabia

509064645Analyzed
4v4 RM · 7d ago on Sep 25, 2026· 20m 33s· 8 players
Game mode
Random Map
Map size
Large (8 player)
Population
200
Speed
Normal
Resources
Standard
Victory
Conquest
Starting age
Dark Age
Ending age
Imperial Age
RankedLock teamsTeams togetherTeam positionsShared explorationLock speedFull tech treeHidden civsTurbo modeCheats
Victory
Defeat
🇹🇼 Varangians · Taiwan
2072
+7
🇹🇼 Varangians · Taiwan
2062
+7
🇹🇼 Britons · Taiwan
2025
+9
🇹🇼 Saxons · Taiwan
1640
+23
🇨🇳 Saxons · China
2020
-18
🇨🇳 Mongols · China
1847
-11
🇯🇵 Magyars · Japan
1775
-9
🇨🇳 Poles · China
1739
-8
温蒂
6:29 Loom
8:48 Feudal Age
9:34 Double-Bit Axe
9:41 Horse Collar
CNZS_旋律
6:05 Loom
8:45 Feudal Age
7:45 Loom
9:16 Double-Bit Axe
10:09 Town Watch
12:35 Fletching
12:58 Horse Collar
20:39 Castle Age
18:57 Gold Mining
爱人跟人走
8:31 Feudal Age
8:34 Man-at-Arms
9:07 Loom
14:08 Fletching
16:28 Double-Bit Axe
18:34 Padded Archer Armor
Kiyomizu-dera
5:58 Loom
8:47 Feudal Age
9:18 Double-Bit Axe
10:04 Horse Collar
15:44 Scale Barding Armor
18:10 Bloodlines
白龍
8:58 Feudal Age
9:28 Double-Bit Axe
9:24 Horse Collar
13:47 Bloodlines
13:35 Loom
15:46 Scale Barding Armor
18:28 Wheelbarrow
22:16 Castle Age
20:59 Forging
山米爾
6:00 Loom
8:31 Feudal Age
9:01 Double-Bit Axe
12:34 Fletching
22:24 Castle Age
Rayz
8:53 Feudal Age
9:38 Double-Bit Axe
11:22 Loom
13:31 Bloodlines
13:51 Horse Collar
15:43 Scale Barding Armor
18:43 Wheelbarrow
19:34 Forging
散步黑鵝
9:20 Feudal Age
7:49 Loom
9:55 Double-Bit Axe
11:42 Fletching
20:21 Castle Age
18:35 Gold Mining
20:01 Horse Collar
20:59 Bodkin Arrow
20:28 Crossbowman
Connection lost

Rejoining the realm…

Still unreachable

The connection could not be restored.

Session expired

The server has moved on; the page needs a fresh start.